Map: Radhuset Station LE

Players

Andy

  • Race: Zerg Zerg
  • League: Diamond
  • Spawn Location: 7:00

SubN - Winner!

  • Race: Zerg Zerg
  • League: Diamond
  • Spawn Location: 1:00

VOD

Have the link to the VOD?

Description

Time

  • Played on: Dec. 21, 2023, 5:09 p.m.
  • Length: 13:11
Show
View Real Time Build Order
Export as new Build Order

Andy Zerg 

Build Orders: Hatch First, Lurkers 

Get SALT Encoding   

  12  0:01  Drone  
  13  0:07  Drone  
  14  0:18  Overlord  
  14  0:36  Drone x3  
  17  0:55  Hatchery  
  16  0:57  Drone  
  16  1:01  Drone  
  18  1:09  Drone  
  19  1:14  Extractor  
  18  1:21  Spawning Pool  
  17  1:27  Drone  
  17  1:30  Drone  
  19  1:46  Overlord  
  19  1:53  Drone  
  20  2:04  Overlord  
  20  2:07  Queen  
  20  2:08  Queen  
  22  2:09  Zergling x2  
  25  2:16  Metabolic Boost  
  25  2:24  Zergling x4  
  25  2:26  Zergling x2  
  28  2:31  Zergling x2  
  29  2:37  Drone  
  30  2:56  Zergling x8  
  34  3:03  Queen x2  
  38  3:09  Drone  
  38  3:10  Drone  
  38  3:12  Drone  
  41  3:18  Drone x2  
  43  3:21  Drone  
  43  3:26  Overlord  
  40  4:02  Drone x5  
  44  4:03  Drone x6  
  44  4:07  Drone  
  49  4:15  Drone  
  50  4:23  Drone x3  
  52  4:32  Spine Crawler  
  52  4:35  Spine Crawler  
  49  4:48  Zergling x6  
  49  4:49  Overlord x2  
  52  4:53  Roach Warren  
  52  4:55  Extractor  
  52  4:57  Overlord  
  50  5:00  Zergling x4  
  52  5:10  Evolution Chamber  
  51  5:23  Evolution Chamber  
  50  5:29  Drone x5, Spine Crawler  
  50  5:30  Drone x7  
  50  5:32  Extractor  
  50  5:33  Extractor  
  58  5:50  Lair  
  58  5:59  Zerg Missile Weapons Level 1  
  58  6:00  Zerg Ground Armor Level 1  
  58  6:01  Burrow  
  58  6:04  Roach  
  58  6:05  Roach x7  
  58  6:09  Hatchery  
  73  6:21  Overlord x2  
  73  6:26  Drone x2  
  73  6:29  Overlord  
  75  6:39  Overlord x2  
  75  6:57  Glial Reconstitution  
  75  7:08  Drone  
  75  7:09  Drone x10, Hydralisk Den  
  75  7:10  Hydralisk Den  
  75  7:12  Pneumatized Carapace  
  84  7:16  Drone  
  85  7:25  Drone x3  
  85  7:26  Drone x4  
  85  7:28  Drone  
  93  7:34  Drone x2  
  95  7:46  Lurker Den  
  95  7:48  Hydralisk x5, Extractor, Roach  
  95  7:49  Extractor  
  104  8:11  Roach  
  104  8:12  Overlord, Roach x7  
  120  8:16  Tunneling Claws  
  120  8:23  Zerg Melee Weapons Level 1, Zerg Missile Weapons Level 2  
  120  8:25  Overseer  
  120  8:42  Grooved Spines  
  120  8:43  Muscular Augments  
  120  8:44  Infestation Pit  
  119  8:49  Lurker x3  
  119  8:51  Drone  
  119  8:52  Drone x4  
  127  9:00  Lurker  
  127  9:01  Lurker  
  108  9:54  Roach  
  108  9:55  Roach x5  
  106  10:06  Roach x6  
  106  10:07  Overlord x5  
  110  10:20  Hive  
  110  10:21  Overlord, Roach  
  112  10:22  Nydus Network, Overlord x6  
  94  11:25  Roach  
  84  11:26  Roach x26  
  84  11:27  Roach x6  
  120  11:59  Roach x4  
  120  12:00  Roach x7  
  142  12:14  Roach  
  142  12:15  Roach x9  
  162  12:20  Hatchery  
  155  12:22  Hatchery  
  148  12:30  Hatchery  
  143  12:48  Roach x8  
  143  12:49  Roach x5  
  143  12:51  Overlord x2  
Show
View Real Time Build Order
Export as new Build Order

SubN Zerg - Winner!

Build Orders: Hatch First 

Get SALT Encoding   

  12  0:00  Drone  
  13  0:12  Overlord  
  13  0:18  Drone  
  14  0:30  Drone x2  
  16  0:50  Hatchery  
  16  0:52  Drone  
  16  0:58  Drone  
  16  0:59  Drone  
  16  1:03  Extractor  
  17  1:16  Spawning Pool  
  16  1:19  Drone  
  16  1:24  Drone  
  18  1:27  Drone  
  19  1:38  Drone  
  20  1:49  Overlord  
  20  2:02  Queen x2  
  20  2:05  Drone  
  25  2:14  Metabolic Boost  
  25  2:17  Drone  
  25  2:20  Drone  
  27  2:23  Drone  
  27  2:26  Drone  
  29  2:31  Drone  
  29  2:36  Drone x2  
  32  2:44  Queen  
  34  2:54  Evolution Chamber  
  33  3:00  Evolution Chamber  
  33  3:04  Roach Warren  
  31  3:09  Spine Crawler  
  30  3:13  Overlord x2  
  30  3:28  Hatchery  
  29  3:37  Queen  
  31  3:51  Roach x4  
  35  4:02  Roach x2  
  33  4:18  Drone x4  
  37  4:28  Zerg Missile Weapons Level 1  
  37  4:37  Drone x3  
  40  4:44  Queen  
  42  4:50  Drone x2  
  42  4:51  Drone  
  45  4:58  Overlord  
  45  5:08  Drone x5  
  50  5:16  Queen  
  50  5:17  Drone  
  50  5:20  Overlord  
  53  5:27  Lair  
  53  5:34  Extractor  
  53  5:35  Extractor  
  51  5:38  Drone x3  
  51  5:39  Drone x2  
  51  5:40  Drone  
  57  5:45  Queen  
  57  5:48  Drone  
  57  5:49  Drone  
  61  5:57  Drone x2  
  61  5:58  Drone  
  61  5:59  Extractor  
  61  6:00  Drone x3  
  66  6:07  Zerg Ground Armor Level 1  
  66  6:12  Overlord  
  66  6:13  Overlord  
  66  6:28  Zerg Missile Weapons Level 2  
  66  6:29  Glial Reconstitution  
  66  6:30  Queen  
  66  6:32  Drone x3  
  71  6:35  Overlord  
  71  6:42  Drone x3  
  71  6:45  Drone  
  75  6:47  Drone x4  
  75  6:49  Drone x2  
  81  6:54  Overseer  
  81  6:57  Overseer  
  81  7:03  Overlord  
  81  7:05  Drone x7  
  81  7:08  Extractor  
  87  7:09  Drone, Extractor  
  87  7:20  Ravager  
  87  7:21  Ravager x5  
  93  7:31  Drone  
  93  7:33  Drone  
  93  7:36  Roach  
  97  7:38  Overlord x2  
  97  7:39  Overlord x3  
  97  7:55  Drone  
  97  7:56  Hatchery  
  97  8:00  Infestation Pit  
  96  8:20  Roach  
  96  8:21  Roach x12  
  96  8:24  Queen  
  124  8:30  Zerg Ground Armor Level 2  
  124  8:39  Hive  
  124  8:51  Roach  
  124  8:52  Roach x6  
  124  8:53  Overlord x2  
  138  9:04  Overlord  
  138  9:05  Overlord x2  
  138  9:20  Roach x8  
  138  9:21  Roach x3  
  158  9:40  Roach  
  158  9:41  Roach x9  
  140  10:00  Roach x12  
  153  10:07  Ravager  
  153  10:08  Ravager  
  153  10:09  Ravager x2  
  153  10:12  Roach  
  153  10:13  Roach x3  
  165  10:15  Ravager x3  
  165  10:16  Queen  
  170  10:24  Overseer  
  170  10:26  Overseer  
  170  10:29  Overlord x2  
  170  10:30  Overlord  
  170  10:34  Drone x5  
  175  10:46  Zergling x10  
  180  10:50  Pneumatized Carapace  
  131  11:23  Roach  
  131  11:24  Roach x18  
  150  11:50  Hatchery  
  150  11:53  Roach  
  145  11:54  Roach x13  
  145  11:55  Extractor x2  
  145  12:00  Ravager  
  145  12:01  Ravager x6  
  159  12:09  Roach  
  159  12:10  Roach x12  
  178  12:31  Overseer x2  
  178  12:34  Zergling x12  
  178  12:35  Zergling x4  
  186  12:47  Drone x3  
  189  12:54  Drone  
Tags
 
Add a new tag
Caveats
  • Supply blocks, unpowered buildings, or Contaminate may cause inaccurate times.
  • Supply counts are checked every 10 seconds.